 Dungeon Crawl Stone Soup version 0.27-a0-520-gb83adbd1c9 (webtiles) character file.

Game seed: 3321406095440973995

1994 ReteAZ the Martial Artist (level 9, -14/64 HPs)
             Began as a Green Draconian Transmuter on Mar 4, 2021.
             Was a Believer of Ashenzari.
             Killed from afar by Maggie (25 damage)
             ... with a bolt of fire
             ... on level 7 of the Dungeon.
             The game lasted 00:13:02 (6578 turns).

ReteAZ the Martial Artist (DrTm)                    Turns: 6578, Time: 00:13:02

Health: -14/64     AC:  2    Str: 12    XL:     9   Next: 1%
Magic:  11/13      EV: 19    Int: 21    God:    Ashenzari [**....]
Gold:   323        SH:  0    Dex: 19    Spells: 5/14 levels left

rFire    . . .     SeeInvis +     - Unarmed
rCold    . . .     Faith    .   (shield currently unavailable)
rNeg     . . .     Spirit   .   (armour unavailable)
rPois    x         Reflect  .   (helmet currently unavailable)
rElec    .         Harm     .   (cloak currently unavailable)
rCorr    .         Rampage  .   (gloves currently unavailable)
Will     .....                  (boots currently unavailable)
Stlth    ++........             h - amulet of Supernal Understanding {Regen+, Elem, Alch} (curse)
HPRegen  1.20/turn              b - +6 ring of intelligence
MPRegen  0.13/turn              (no ring)

@: spider-form (expiring)
A: tiny, (breathe noxious fumes), unfitting armour, AC +7
a: End Transformation, Renounce Religion, Curse Item, Shatter the Chains


You were on level 7 of the Dungeon.
You worshipped Ashenzari.
Ashenzari was pleased with you.
You were a venomous arachnid creature.
You visited 1 branch of the dungeon, and saw 7 of its levels.

You collected 353 gold pieces.
You spent 30 gold pieces at shops.

Inventory:

Missiles
 e - 39 poisoned darts
 g - 3 javelins
Armour
 j - the cursed +2 hat of Ashenzari's Lethargy (melded) {Self, Elem}
   (You found it on level 2 of the Dungeon)

   It has a curse placed upon it.
 q - the cursed +1 cloak of Ashenzari's Comet (melded) {Self, Bglg}
   (You took it off Crazy Yiuf on level 3 of the Dungeon)

   It has a curse placed upon it.
 t - a +0 pair of gloves (melded)
 E - a +0 pair of boots
Jewellery
 b - a +6 ring of intelligence (left front leg)
 h - the cursed amulet of Supernal Understanding (around neck) {Regen+, Elem, Alch}
   (You found it on level 2 of the Dungeon)

   [amulet of regeneration]

   It increases your rate of regeneration.
   It has a curse placed upon it.
 p - a ring of fire
 w - a ring of positive energy
 z - a ring of ice
 C - a ring of protection from cold
 F - a ring of magical power
Wands
 A - a wand of flame (18)
Scrolls
 a - 10 scrolls of identify
 c - a scroll of magic mapping
 l - 3 scrolls of teleportation
 m - 2 scrolls of amnesia
 s - a scroll of blinking
 v - a scroll of fear
 y - a scroll of enchant weapon
 B - 4 scrolls of fog
Potions
 d - 2 potions of might
 f - 4 potions of heal wounds
 i - a potion of degeneration
 k - a potion of curing
 n - 3 potions of magic
 o - 3 potions of invisibility
 r - 2 potions of ambrosia
 u - 2 potions of brilliance
 x - 3 potions of haste
 D - a potion of flight


   Skills:
 - Level 1.2 Fighting
 - Level 1.7 Dodging
 + Level 9.5 Unarmed Combat
 - Level 3.0 Spellcasting
 + Level 7.0(8.9) Transmutations
 - Level 2.5(4.1) Poison Magic


You had 5 spell levels left.
You knew the following spells:

 Your Spells              Type           Power        Failure   Level
a - Beastly Appendage     Tmut           80%          3%          1
b - Spider Form           Tmut/Pois      15%          10%         3
c - Blade Hands           Tmut           20%          24%         5

Your spell library contained the following spells:

 Spells                   Type           Power        Failure   Level
 Wereblood                Tmut           40%          3%          2
 Freeze                   Ice            16%          28%         1
 Ice Form                 Ice/Tmut       22%          41%         4
 Frozen Ramparts          Ice            8%           58%         3
 Ozocubu's Armour         Ice            4%           58%         3
 Hailstorm                Conj/Ice       3%           90%         4
 Summon Ice Beast         Ice/Summ       3%           90%         4


Dungeon Overview and Level Annotations

Branches:
Dungeon (7/15)             Temple (0/1) D:7

Altars:
Ashenzari
Elyvilon
Kikubaaqudgha
Nemelex Xobeh
Okawaru
Ru
Vehumet
Xom

Shops:
D:4 ?

Annotations:
D:7 Maggie


Innate Abilities, Weirdness & Mutations

((You can breathe blasts of noxious fumes.))
((Your lurid green scales are hard. (AC +7)))
You cannot fit into any form of body armour.
((Your system is resistant to poisons. (rPois)))
((You are cold-blooded and may be slowed by cold attacks.))


Message History

Maggie gestures wildly while chanting.
Maggie attempts to bespell you! You resist with almost no effort.
You bite Maggie!
Maggie is moderately wounded.
Maggie barely misses you.
You hit Maggie.
Maggie is heavily wounded.
You hit Maggie.
Maggie is heavily wounded.
Maggie hits you with a +1 morningstar of flaming.
Maggie burns you.
You hit Maggie.
Maggie looks even sicker.
Maggie is heavily wounded.
Your transformation is almost over.
Maggie points at you and mumbles some strange words.
The bolt of fire hits you!!
You hit Maggie but do no damage.
Maggie is heavily wounded.
Maggie points at you and mumbles some strange words.
The bolt of fire misses you.
You hit Maggie.
Maggie is heavily wounded.
You hit Maggie.
Maggie is severely wounded.
Maggie hits you with a +1 morningstar of flaming!
Maggie burns you.
You completely miss Maggie.
Maggie is severely wounded.
Maggie hits you with a +1 morningstar of flaming!
* * * LOW HITPOINT WARNING * * *
Maggie burns you.
* * * LOW HITPOINT WARNING * * *
You barely miss Maggie.
Maggie is severely wounded.
There is a stone staircase leading up here.
You hit Maggie but do no damage.
Maggie is severely wounded.
Maggie points at you and mumbles some strange words.
The bolt of fire hits you!!
You die...

.. /...#.. , , * #.##......#** *
, ......... ,., ##.#....#,,.#
#....... ⌠.# , #....?###...# ,
#............ ### #..@..!⌠..>..
, ###.## #..s......... * #....#
#.....###...# , ###.#.##
#.......# # .##.###**
#......$#..[#.. , ....#
..######.................
..###*#........................,
#...# ########.#.###...........
###.# ####..#.####.......... #
#.# #.....................


You could see Maggie (very poisoned).

Vanquished Creatures
  2 orc warriors (D:6)
  An ice beast (D:6)
  2 sky beasts
  A black bear (D:6)
  A necrophage (D:6)
  A centaur (D:6)
  An ogre (D:5)
  4 phantoms
  2 bullfrogs
  2 scorpions
  A howler monkey (D:5)
  A bullfrog skeleton (D:5)
  A centaur zombie (D:6)
  A jelly (D:6)
  3 hounds
  Crazy Yiuf (D:3)
  A centaur skeleton (D:5)
  2 iguanas (D:7)
  2 orc wizards (D:6)
  2 worker ants
  A worker ant zombie (D:5)
  Robin (D:3)
  6 adders
  A shadow imp (D:6)
  2 white imps (D:6)
  An ooze (D:2)
  2 adder skeletons
  3 worms
  4 dart slugs
  4 leopard geckos
  14 orcs
  A ball python (D:2)
  5 giant cockroaches
  14 goblins
  10 hobgoblins
  16 jackals
  9 kobolds
  4 quokkas (D:6)
  5 bats
  4 frilled lizards
  A jackal zombie (D:5)
  3 rats
143 creatures vanquished.

Notes
Turn   | Place    | Note
-------+----------+-------------------------------------------
     0 | D:1      | ReteAZ the Draconian Transmuter began the quest for the
                  | Orb.
     0 | D:1      | Reached XP level 1. HP: 16/16 MP: 3/3
   403 | D:1      | Reached XP level 2. HP: 23/23 MP: 3/5
  1006 | D:1      | Reached XP level 3. HP: 11/28 MP: 4/6
  1222 | D:1      | Found a broken altar of Ashenzari.
  2095 | D:2      | Reached XP level 4. HP: 35/35 MP: 7/7
  2148 | D:2      | Found a faded altar of an unknown god.
  2306 | D:1      | Became a worshipper of Ashenzari the Shackled
  2515 | D:3      | Reached skill level 4 in Unarmed Combat
  2859 | D:3      | Learned a level 3 spell: Spider Form
  2909 | D:3      | Found a runed translucent door.
  2910 | D:3      | Noticed Crazy Yiuf
  3123 | D:3      | Noticed Robin
  3150 | D:3      | Killed Robin
  3342 | D:3      | Killed Crazy Yiuf
  3343 | D:3      | Reached XP level 5. HP: 20/40 MP: 9/9
  3466 | D:4      | Reached skill level 1 in Poison Magic
  3639 | D:4      | Found Falin's Magic Scroll Boutique.
  3642 | D:4      | Bought a scroll of teleportation for 30 gold pieces
  3913 | D:5      | Entered Level 5 of the Dungeon
  3954 | D:5      | Reached XP level 6. HP: 42/47 MP: 10/10
  4048 | D:5      | Noticed a sky beast
  4081 | D:5      | Killed a sky beast
  4082 | D:5      | Reached skill level 5 in Unarmed Combat
  4237 | D:5      | Reached skill level 5 in Transmutations
  4237 | D:5      | Your scales start taking on a lurid green colour.
  4237 | D:5      | Reached XP level 7. HP: 41/52 MP: 11/11
  4237 | D:5      | Gained mutation: Your system is resistant to poisons.
                  | (rPois) [Green Draconian growth]
  4368 | D:5      | Reached skill level 6 in Unarmed Combat
  4538 | D:5      | Reached * piety under Ashenzari
  4628 | D:5      | Found a shimmering altar of Xom.
  4635 | D:5      | Found a radiant altar of Vehumet.
  4643 | D:5      | Found an ancient bone altar of Kikubaaqudgha.
  4650 | D:5      | Found a sacrificial altar of Ru.
  4656 | D:5      | Found an iron altar of Okawaru.
  4664 | D:5      | Found a sparkling altar of Nemelex Xobeh.
  4669 | D:5      | Found a white marble altar of Elyvilon.
  4790 | D:6      | Reached skill level 7 in Unarmed Combat
  4799 | D:6      | Reached XP level 8. HP: 58/59 MP: 9/12
  4820 | D:6      | Identified the cursed +1 cloak of Ashenzari's Comet {Self,
                  | Bglg} (You took it off Crazy Yiuf on level 3 of the
                  | Dungeon)
  5159 | D:6      | Reached skill level 8 in Unarmed Combat
  5472 | D:6      | Learned a level 5 spell: Blade Hands
  6230 | D:7      | Reached ** piety under Ashenzari
  6238 | D:6      | Identified the cursed +2 hat of Ashenzari's Lethargy {Self,
                  | Elem} (You found it on level 2 of the Dungeon)
  6241 | D:6      | Reached skill level 9 in Unarmed Combat
  6538 | D:7      | Found a staircase to the Ecumenical Temple.
  6540 | D:7      | Noticed Maggie
  6556 | D:6      | Reached XP level 9. HP: 59/68 MP: 15/15
  6578 | D:7      | Killed from afar by Maggie

Illustrated notes

Levels and vault maps discovered:
D:1:      minmay_arrival_diagonal_passages, layout_basic,
          minmay_misc_feat_more_columns, nrook_uturn, minmay_curled_crystal,
          evilmike_ruin_ashenzari
D:2:      minmay_evil_eye, layout_basic, chequers_ecumenical_altar_lobes,
          skrybe_limestone_x
D:3:      layout_loops_ring, hangedman_feature_mirror, uniq_robin,
          uniq_crazy_yiuf_cottage
D:4:      layout_basic, serial_shops, kennysheep_mini_moat,
          amcnicky_mini_pool_small
D:5:      layout_loops_ring, grunt_temple_overflow_octagram
D:6:      layout_layer_cave, minmay_joined_circles
D:7:      layout_rooms, minmay_temple_entry_junction_2,
          ebering_ghost_disaster_area, nrook_loot_triangle, bloody_trog,
          uniq_maggie

Skill      XL: |  1  2  3  4  5  6  7  8 |
---------------+-------------------------+-----
Transmutations | 3 4 5 7 |  7.0
Unarmed Combat | 4 5 7 9 |  9.5
Poison Magic   | 1 2 |  2.5
Spellcasting   | 3 |  3.0
Fighting       | |  1.2
Dodging        | |  1.7

Action                   |  1- 3 |  4- 6 |  7- 9 || total
-------------------------+-------+-------+-------++-------
Melee: Unarmed           |   131 |   209 |   245 ||   585
       Headbutt          |    14 |    25 |    27 ||    66
       Tailslap          |    10 |    16 |    17 ||    43
       Kick              |    20 |    55 |    38 ||   113
       Punch             |       |     3 |     5 ||     8
 Cast: Beastly Appendage |    33 |    29 |    16 ||    78
       Spider Form       |       |       |     7 ||     7
Invok: Curse Item        |       |     1 |     2 ||     3
 Abil: Breathe Noxious F |       |       |     1 ||     1
  Use: Scroll            |       |       |     1 ||     1
 Stab: Sleeping          |       |     1 |       ||     1
Armor: Skin              |    31 |    64 |    72 ||   167
Dodge: Dodged            |    72 |   144 |   144 ||   360

Table legend: (Time is in decaauts)
 A = Elapsed time spent in this place.
 B = Non-inter-level travel time spent in this place.
 C = Inter-level travel time spent in this place.
 D = Time resting spent in this place.
 E = Time spent auto-exploring this place.
 F = Levels seen in this place.
 G = Mean time per level.
                   A        B        C        D        E       F      G
               +--------+--------+--------+--------+--------+-----+--------+
         Total |   6521 |   6279 |    242 |    186 |   4849 |   7 |  931.6 |
       Dungeon |   6521 |   6279 |    242 |    186 |   4849 |   7 |  931.6 |
               +--------+--------+--------+--------+--------+-----+--------+

Top non-repeatable levels by time:
     D:6: 1537 daAuts
     D:1: 1404 daAuts
     D:3: 1040 daAuts
     D:2: 918 daAuts
     D:5: 771 daAuts
     D:4: 532 daAuts
     D:7: 318 daAuts
